 Dungeon Crawl Stone Soup version 0.22-a0-348-gd16d139 (webtiles) character file.

37 rz the Poker (level 3, -2/28 HPs)
             Began as a Merfolk Skald on Apr 10, 2018.
             Slain by Terence
             ... wielding a +0 hand axe
              (4 damage)
             ... on level 2 of the Dungeon.
             The game lasted 00:02:27 (1216 turns).

rz the Poker (Merfolk Skald)                        Turns: 1216, Time: 00:02:28

Health: -2/28      AC:  3    Str: 11    XL:     3   Next: 39%
Magic:  5/6        EV: 13    Int: 13    God:
Gold:   41         SH:  0    Dex: 13    Spells: 5/6 levels left

rFire    . . .     SeeInvis .   a - +0 spear
rCold    . . .     Gourm    .   (no shield)
rNeg     . . .     Faith    .   b - +0 leather armour
rPois    .         Spirit   .   (no helmet)
rElec    .         Reflect  .   (no cloak)
rCorr    .         Harm     .   (no gloves)
MR       .....                  (no boots)
Stlth    +.........             (no amulet)
HPRegen  0.09/turn              (no ring)
MPRegen  0.10/turn              (no ring)

@: infused (expiring)
A: change form in water, swift swim, stealthy swim
a: no special abilities


You were on level 2 of the Dungeon.
You were not hungry.

You visited 1 branch of the dungeon, and saw 2 of its levels.

You collected 41 gold pieces.

Inventory:

Hand Weapons
 a - a +0 spear (weapon)
Armour
 b - a +0 leather armour (worn)
Jewellery
 i - an uncursed ring of stealth {unknown}
Scrolls
 c - a scroll of noise {unknown}
 e - a scroll of immolation {unknown}
 f - a scroll of identify {unknown}
 g - a scroll of remove curse
 h - a scroll of teleportation {unknown}
 j - a scroll of enchant armour {unknown}
 k - a scroll of enchant weapon {unknown}
Comestibles
 d - 4 rations


   Skills:
 + Level 2.7 Fighting
 * Level 4.4 Polearms
 - Level 0.6 Armour
 + Level 3.3 Dodging
 - Level 2.0 Spellcasting
 - Level 3.2 Charms


You had 5 spell levels left.
You knew the following spells:

 Your Spells              Type           Power        Failure   Level  Hunger
a - Infusion              Chrm           #...         9%          1    ##.....


Dungeon Overview and Level Annotations

Branches:
Dungeon (2/15)

Altars:
Ashenzari

Annotations:
D:2 Terence


Message History

Terence is moderately wounded.
The bat closely misses you. The giant cockroach barely misses you.
Terence closely misses you.
You hit Terence but do no damage.
Terence is moderately wounded.
The giant cockroach barely misses you.
You hit Terence but do no damage.
Terence is moderately wounded.
The bat hits you but does no damage. The bat barely misses you.
Terence misses you. The giant cockroach misses you.
You hit Terence.
Terence is heavily wounded.
Your magical infusion is running out.
The bat hits you but does no damage. x2
The giant cockroach closely misses you. Terence closely misses you.
You hit Terence but do no damage.
Terence is heavily wounded.
The bat barely misses you. The giant cockroach barely misses you.
Terence hits you with a hand axe.
You die...

#..........<.#
#......#.
#.############
########. #.#
......#. #.#
.....###
#.##### ###
.... ..
#.[...# #..
... .. #####.#
######.#### ..
... #.#
#....s....# .
... #.# ##@#
.... #.# #.
##@#b# #.#
#.##.###.. #.#
#.#.## #...
#.# #.#..#
..... #.#
#.#.#$# ##..
#.#
#.#@##.#... #
#.#
#.........#
#.#
#..###.#...


You could see Terence, a giant cockroach and a bat.

Vanquished Creatures
  2 dart slugs (D:1)
  A leopard gecko (D:2)
  2 bats (D:1)
  A giant cockroach (D:1)
  4 goblins (D:1)
  5 hobgoblins
  4 jackals (D:1)
  5 kobolds
  A ball python (D:1)
  2 frilled lizards (D:1)
  A rat (D:2)
28 creatures vanquished.

Notes
Turn   | Place    | Note
-------+----------+-------------------------------------------
     0 | D:1      | rz the Merfolk Skald began the quest for the Orb.
     0 | D:1      | Reached XP level 1. HP: 16/16 MP: 3/3
   155 | D:1      | Reached XP level 2. HP: 19/23 MP: 5/5
   629 | D:1      | Reached skill level 4 in Polearms
   700 | D:1      | Reached XP level 3. HP: 28/28 MP: 6/6
   982 | D:2      | Found a shattered altar of Ashenzari.
  1127 | D:2      | Noticed Terence
  1216 | D:2      | Slain by Terence

Vault maps used:
D:1:      mrwooster_arrival_arrow
D:2:      nicolae_ashenzari_panopticon, grunt_ministairs_4, uniq_terence

Skill      XL: |  1  2 |
---------------+-------+-----
Dodging        | 3 |  3.3
Polearms       | 4 |  4.4
Fighting       | |  2.7
Armour         | |  0.6
Spellcasting   | |  2.0
Charms         | |  3.2

Action                   || total
-------------------------++-------
Melee: Spear             ||   142
 Cast: Infusion          ||     2
  Use: Scroll            ||     1
 Stab: Sleeping          ||     1
  Eat: Chunk             ||     1
Armor: Leather armour    ||    31
Dodge: Dodged            ||    78

Table legend:
 A = Spawn XP
 B = Non-spawn XP
 C = Spawn XP percentage of total XP
 D = Spawn monster count
 E = Non-spawn monster count
 F = Spawn count percentage of total count
 G = Total turns spent on level
                    A         B        C        D         E        F      G
               +---------+---------+-------+---------+---------+-------+---------
         Total |       0 |      53 |   0.0 |       0 |      28 |   0.0 |  1216
               +---------+---------+-------+---------+---------+-------+---------
           D:1 |       0 |      45 |   0.0 |       0 |      23 |   0.0 |   960
           D:2 |       0 |       8 |   0.0 |       0 |       5 |   0.0 |   256
               +---------+---------+-------+---------+---------+-------+---------
